 Dungeon Crawl Stone Soup version 0.22.1-2-g9c5b331383 (webtiles) character file.

852 Peloso the Shield-Bearer (level 7, -2/61 HPs)
             Began as a Minotaur Fighter on Dec 8, 2018.
             Was a Believer of Okawaru.
             Slain by an orc warrior
             ... wielding a +0 long sword
              (13 damage)
             ... on level 6 of the Dungeon.
             The game lasted 00:08:51 (4675 turns).

Peloso the Shield-Bearer (Minotaur Fighter)         Turns: 4675, Time: 00:08:51

Health: -2/61      AC: 11    Str: 21    XL:     7   Next: 69%
Magic:  6/6        EV:  7    Int:  5    God:    Okawaru [**....]
Gold:   417        SH: 11    Dex: 14    Spells: 6/6 levels left

rFire    . . .     SeeInvis .   a - +0 long sword
rCold    . . .     Gourm    .   c - +0 shield
rNeg     . . .     Faith    .   B - +0 chain mail
rPois    .         Spirit   .   (helmet restricted)
rElec    .         Reflect  .   (no cloak)
rCorr    .         Harm     .   (no gloves)
MR       .....                  w - +0 pair of boots
Stlth    ..........             (no amulet)
HPRegen  0.20/turn              i - +3 ring of dexterity
MPRegen  0.10/turn              A - ring of attention (curse)

@: no status effects
A: retaliatory headbutt, horns 2
a: Heroism, Renounce Religion


You were on level 6 of the Dungeon.
You worshipped Okawaru.
Okawaru was pleased with you.
You were not hungry.

You visited 1 branch of the dungeon, and saw 6 of its levels.

You collected 417 gold pieces.

Inventory:

Hand Weapons
 a - a +0 long sword (weapon)
 g - a +0 short sword of electrocution
Armour
 b - a +0 scale mail
 c - a +0 shield (worn)
 w - a +0 pair of boots (worn)
 B - a +0 chain mail (worn)
Jewellery
 i - a +3 ring of dexterity (left hand)
 r - a +2 ring of intelligence
 A - a cursed ring of attention (right hand)
 D - an uncursed ring of ice {unknown}
Wands
 F - a wand of scattershot (8)
Scrolls
 e - a scroll of teleportation {unknown}
 h - 4 scrolls of blinking {unknown}
 j - 2 scrolls of magic mapping {unknown}
 k - 3 scrolls of identify {unknown}
 s - a scroll of immolation {unknown}
 t - a scroll of enchant weapon {unknown}
 y - 5 scrolls of remove curse {unknown}
 C - a scroll of fog {unknown}
 H - a scroll of vulnerability {unknown}
Potions
 d - 4 potions of might
 l - 2 potions of curing {unknown}
 m - 2 potions of brilliance {unknown}
 n - 3 potions of lignification {unknown}
 o - 2 potions of ambrosia {unknown}
 p - a potion of agility {unknown}
 q - a potion of mutation {unknown}
 u - a potion of heal wounds {unknown}
 v - 4 potions of invisibility {unknown}
 x - 2 potions of degeneration {unknown}
 z - 2 potions of haste
 E - a potion of berserk rage {unknown}
Comestibles
 f - 9 rations


   Skills:
 + Level 5.3 Fighting
 + Level 6.0 Long Blades
 + Level 6.1 Armour
 + Level 1.9 Dodging
 + Level 0.3 Stealth
 + Level 6.6 Shields


You had 6 spell levels left.
You didn't know any spells.
Your spell library contained the following spells:

 Spells                   Type           Power        Failure   Level  Hunger
 Corona                   Hex            #......      100%        1    ##.....
 Slow                     Hex            #.......     100%        2    ###....
 Inner Flame              Hex/Fire       #.......     100%        3    ####...
 Portal Projectile        Hex/Tloc       #.....       100%        3    ####...
 Cause Fear               Hex            #.........   100%        4    #####..
 Leda's Liquefaction      Hex/Erth       #.........   100%        4    #####..


Dungeon Overview and Level Annotations

Branches:
Dungeon (6/15)             Temple (0/1) D:6

Altars:
Fedhas
Hepliaklqana
Kikubaaqudgha
Nemelex Xobeh
Okawaru
Ru
Trog
Wu Jian
Yredelemnul
The Shining One

Annotations:
D:4 2 transporters, 1 runed door, Illusionis's ghost, novice HOCK; Menkaure


Innate Abilities, Weirdness & Mutations

You reflexively headbutt those who attack you in melee.
You have a pair of horns on your head.


Message History

The orc warrior is lightly wounded.
The orc warrior hits you with a long sword.
You block the orc warrior's attack.
You hit the orc warrior but do no damage.
The orc warrior is lightly wounded.
The orc warrior hits you with a long sword!
You hit the orc warrior but do no damage.
The orc warrior is lightly wounded.
You block the orc warrior's attack.
The orc warrior hits you with a long sword!
You hit the orc warrior but do no damage.
You headbutt the orc warrior, but do no damage.
The orc warrior is lightly wounded.
You block the orc warrior's attack.
You hit the orc warrior.
The orc warrior is lightly wounded.
The orc warrior hits you with a long sword!
* * * LOW HITPOINT WARNING * * *
The orc warrior hits you with a long sword!
You die...

....#'##############.#
..........# #.# #.........#
#####.# ######
#.........######.....# #....#
##...............###### #.##.#
#...............##...####.##.##
#########......o##.#.#.....#..#
#######o##.#.#.#####.##
#@##.#.#.....#.#
#.##.#.#.###.#.##
#.##.#.#........#
#(##.#.#.####.###
#.##.#.#......# #.##.#.#####..#
#.##.#........# #.##.##########
#.##.#


You could see an orc warrior and an orc wizard.

Vanquished Creatures
  A sky beast (D:5)
  An ogre (D:5)
  A centaur (D:6)
  A water moccasin zombie (D:5)
  A scorpion (D:5)
  A howler monkey (D:4)
  A quasit (D:6)
  A hound (D:5)
  3 orc priests
  2 orc wizards (D:6)
  A bullfrog skeleton (D:6)
  Natasha (thrice) (D:2)
  A worker ant (D:5)
  6 adders
  3 leopard geckos
  14 orcs
  A ball python (D:5)
  A giant cockroach (D:4)
  3 goblins
  3 hobgoblins
  3 jackals (D:5)
  3 quokkas
  9 bats
  4 frilled lizards
  12 kobolds
  A leopard gecko zombie (D:3)
  A quokka zombie (D:5)
  3 rats (D:1)
85 creatures vanquished.

Vanquished Creatures (others)
  A wizard (D:3)
  4 toadstools (D:1)
5 creatures vanquished.

Grand Total: 90 creatures vanquished

Notes
Turn   | Place    | Note
-------+----------+-------------------------------------------
     0 | D:1      | Peloso the Minotaur Fighter began the quest for the Orb.
     0 | D:1      | Reached XP level 1. HP: 19/19 MP: 0/0
   222 | D:1      | Reached XP level 2. HP: 25/27 MP: 1/1
   954 | D:2      | Found a sacrificial altar of Ru.
   997 | D:2      | Noticed Natasha
  1000 | D:2      | Killed Natasha
  1000 | D:2      | Reached XP level 3. HP: 12/33 MP: 2/2
  1061 | D:2      | Found an ornate altar of the Wu Jian Council.
  1066 | D:2      | Found a sparkling altar of Nemelex Xobeh.
  1350 | D:2      | Noticed Natasha
  1363 | D:2      | Killed Natasha
  1363 | D:2      | Reached XP level 4. HP: 11/40 MP: 3/3
  1649 | D:2      | Noticed Natasha
  1658 | D:2      | Killed Natasha
  1850 | D:3      | Reached skill level 1 in Dodging
  2255 | D:3      | Reached skill level 5 in Shields
  2273 | D:3      | Reached XP level 5. HP: 33/46 MP: 4/4
  2454 | D:3      | Found a bloodstained altar of Trog.
  2455 | D:3      | Noticed a wizard
  2460 | D:3      | Killed a wizard
  2609 | D:4      | Found an iron altar of Okawaru.
  2618 | D:4      | Became a worshipper of Warmaster Okawaru
  2672 | D:4      | Found a transporter.
  2672 | D:4      | Noticed a phantom
  2674 | D:4      | Found a transporter.
  2692 | D:4      | Found a basalt altar of Yredelemnul.
  2696 | D:4      | Noticed Menkaure
  2703 | D:4      | Found an ancient bone altar of Kikubaaqudgha.
  2897 | D:4      | Found a runed door.
  2899 | D:4      | Noticed Illusionis's ghost (novice HOCK)
  3082 | D:4      | Reached * piety under Okawaru
  3248 | D:5      | Entered Level 5 of the Dungeon
  3253 | D:5      | Found a glowing golden altar of the Shining One.
  3277 | D:5      | Noticed a sky beast
  3287 | D:5      | Killed a sky beast
  3287 | D:5      | Reached skill level 5 in Armour
  3287 | D:5      | Reached XP level 6. HP: 28/53 MP: 5/5
  3318 | D:5      | Found a blossoming altar of Fedhas.
  3387 | D:5      | Reached skill level 5 in Long Blades
  3643 | D:5      | Found a hazy altar of Hepliaklqana.
  3722 | D:5      | Reached XP level 7. HP: 48/60 MP: 6/6
  3811 | D:5      | Reached skill level 5 in Fighting
  4324 | D:6      | Reached ** piety under Okawaru
  4470 | D:6      | Found a staircase to the Ecumenical Temple.
  4675 | D:6      | Slain by an orc warrior

Skill      XL: |  1  2  3  4  5  6  7 |
---------------+----------------------+-----
Shields        | 4 5 6 |  6.6
Fighting       | 4 5 |  5.3
Long Blades    | 3 4 5 6 |  6.0
Armour         | 4 5 6 |  6.1
Dodging        | 1 |  1.9
Stealth        | |  0.3

Action                   |  1- 3 |  4- 6 |  7- 9 || total
-------------------------+-------+-------+-------++-------
Melee: Long sword        |    76 |   131 |    67 ||   274
       Headbutt          |    12 |    24 |    11 ||    47
  Eat: Chunk             |       |     9 |     3 ||    12
Armor: Scale mail        |    41 |    38 |       ||    79
       Chain mail        |       |    17 |    32 ||    49
Dodge: Dodged            |    30 |    29 |    21 ||    80
Block: Shield            |    42 |    88 |    45 ||   175
       Rpst.: Long sword |     5 |     7 |     2 ||    14
